 Dungeon Crawl Stone Soup version 0.19-a0 (webtiles) character file.

149 M4edhros the Insei (level 5, 0/36 HPs)
             Began as a Vampire Transmuter on Apr 27, 2016.
             Succumbed to a worker ant's poison
             ... on level 4 of the Dungeon.
             The game lasted 00:03:43 (374 turns).

M4edhros the Insei (Vampire Transmuter)              Turns: 374, Time: 00:03:44

Health: 0/36       AC:  7    Str: 10    XL:     5   Next: 9%
Magic:  8/8        EV: 10    Int: 16    God:
Gold:   35         SH:  0    Dex: 19    Spells: 1 memorised, 7 levels left

rFire  . . .     SeeInvis +       - Unarmed
rCold  . . .     Gourm    .     i - -1 chain mail (curse)
rNeg   . . .     Faith    .     (no shield)
rPois  .         Spirit   .     (no helmet)
rElec  .         Dismiss  .     d - -1 cloak (curse)
rCorr  +         Reflect  .     (no gloves)
SustAt .         Harm     +     (no boots)
MR     .....                    e - amulet of harm
Stlth  ..........               (no ring)
                                j - ring of resist corrosion

@: agile, lethally poisoned (0 -> -10), regenerating very quickly, not resistant
to hostile enchantments, extremely unstealthy
A: fangs 3, see invisible, unbreathing
a: no special abilities


You were on level 4 of the Dungeon.
You were almost alive.

You visited 1 branch of the dungeon, and saw 4 of its levels.

You collected 35 gold pieces.

Inventory:

Missiles
 a - 32 arrows
Armour
 b - a +0 robe
 d - a cursed -1 cloak (worn)
 i - a cursed -1 chain mail (worn)
Jewellery
 e - an amulet of harm (around neck)
 j - a ring of resist corrosion (left hand)
Scrolls
 g - a scroll of remove curse {unknown}
 k - a scroll of blinking {unknown}
Potions
 f - 5 potions of blood
 h - a potion of agility
Books
 c - a book of Changes

   Spells                             Type                      Level
   a - Beastly Appendage              Transmutation                1
   b - Sticks to Snakes               Transmutation                2
   c - Spider Form                    Transmutation/Poison         3
   d - Ice Form                       Ice/Transmutation            4
   e - Blade Hands                    Transmutation                5


   Skills:
 - Level 0.8 Fighting
 - Level 2.1 Dodging
 + Level 6.4 Unarmed Combat
 - Level 2.0 Spellcasting
 - Level 2.1 Transmutations


You had 7 spell levels left.
You knew the following spells:

 Your Spells              Type           Power        Failure   Level  Hunger
a - Beastly Appendage     Trmt           #.....       100%        1    #......


Dungeon Overview and Level Annotations

Branches:
Dungeon (4/15)
 Temple: D:4-7

Altars:
Zin


Innate Abilities, Weirdness & Mutations

Your natural rate of healing is extremely fast.
You have razor-sharp teeth.
You have supernaturally acute eyesight.
You can survive without breathing.


Message History

The worker ant bites you but does no damage.
You barely miss the worker ant.
The worker ant is almost dead.
* * * LOW HITPOINT WARNING * * *
You feel sick. The worker ant barely misses you.
Drink which item? (? for menu, Esc to quit)
Okay, then.
You hit the worker ant.
The worker ant is almost dead.
* * * LOW HITPOINT WARNING * * *
You feel sick. The worker ant bites you.
* * * LOW HITPOINT WARNING * * *
You hit the worker ant.
You kill the worker ant!
You have reached level 5!
You feel clever.
* * * LOW HITPOINT WARNING * * *
You feel sick.
You aren't carrying any items that you can evoke.
You die...

#.............
#..............
#....?.........
#.....$........
##..............
................
..../...........
.......@?.......
##..............
#.................
#.................
#..................
#...................
#.....................
#......................
#......................


There were no monsters in sight!

Vanquished Creatures
  An ogre (D:4)
  A hound (D:4)
  A worker ant (D:4)
  2 giant cockroaches
  2 hobgoblins (D:1)
  4 jackals (D:4)
  A bat (D:1)
  A kobold (D:2)
  A rat (D:2)
14 creatures vanquished.

Notes
Turn   | Place    | Note
--------------------------------------------------------------
     0 | D:1      | M4edhros the Vampire Transmuter began the quest for the Orb.
     0 | D:1      | Reached XP level 1. HP: 14/14 MP: 3/3
   113 | D:2      | Found a glowing silver altar of Zin.
   261 | D:4      | Noticed a hound
   267 | D:4      | Noticed an ogre
   267 | D:4      | Killed a hound
   267 | D:4      | Reached skill level 4 in Unarmed Combat
   267 | D:4      | Reached XP level 2. HP: 20/20 MP: 5/5
   267 | D:4      | Reached XP level 3. HP: 25/25 MP: 6/6
   276 | D:4      | Killed an ogre
   276 | D:4      | Reached skill level 6 in Unarmed Combat
   276 | D:4      | Reached XP level 4. HP: 26/31 MP: 7/7
   372 | D:4      | HP: 1/31 [worker ant (5)]
   373 | D:4      | Reached XP level 5. HP: 2/36 MP: 8/8
   374 | D:4      | Succumbed to a worker ant's poison

Vault maps used:
D:1:      matt_arrival_spirals
D:2:      lemuel_doored_altar, roderic_lattice_a, st_stairs_4,
          grunt_qazlal_clouds
D:3:      elyvilon_altar_4, first_bread
D:4:      led_sif_pool, enter_ossuary_4, uniq_sigmund

Skill      XL: |  1  2  3 |
---------------+----------+-----
Unarmed Combat | 4 6 |  6.4
Fighting       | |  0.8
Dodging        | |  2.1
Spellcasting   | |  2.0
Transmutations | |  2.1

Action                   |  1- 3 |  4- 6 || total
-------------------------+-------+-------++-------
Melee: Unarmed           |    23 |    20 ||    43
       Bite              |     3 |     3 ||     6
  Use: Potion            |     7 |     3 ||    10
Armor: Skin              |    20 |       ||    20
       Chain mail        |     1 |     5 ||     6
       Robe              |     1 |       ||     1
Dodge: Dodged            |    16 |     9 ||    25
